cohdb
Replays
Latest Replays
All Replays
Popular Replays
Top Player Replays
Match Explorer
How It Works
Community
CoH3 Stats
Reddit
Sign in to upload your games and track your stats! →
Sign in with Steam
Churchills with some nasty hits
Match 11219199
Overview
Messages
Build Orders
End
Pioneer Squad
Construct Infanterie Kompanie
Selects Breakthrough Battlegroup
Selects Assault Grenadiers
Grenadier Squad
Grenadier Squad
Grenadier Squad
Infanterie Officer Quarters
Construct Panzergrenadier Kompanie
Pak 40 Anti-tank Gun Team
GrW 34 Mortar Team
Pak 40 Anti-tank Gun Team
Selects Rapid Production
Medical Station
Pioneer Squad
MG 42 Machine Gun Team
MG 42 Machine Gun Team
Construct Panzer Kompanie
Selects Smoke Bombing Run
Selects Incendiary Bombing Run
Panzer IV Medium Tank
Selects Blitzkrieg
Panzergrenadier Squad
Incendiary Bombing Run
Panzer IV Medium Tank
Pioneer Squad
Selects Tiger Heavy Tank
Panzer IV Medium Tank
Pioneer Squad
Pak 40 Anti-tank Gun Team
Pak 40 Anti-tank Gun Team
SOLID MATTIC
Trainzz
0
0
Comments
sign in to comment!
No comments posted yet!